 Dungeon Crawl Stone Soup version 0.23-a0-644-gb60d84b (webtiles) character file.

3885 Borgoz the Cleaver (level 10, -3/136 HPs)
             Began as a Hill Orc Abyssal Knight on Jan 1, 2019.
             Was an Elder of Lugonu.
             Killed by divine providence
             ... invoked by an orc priest
              (9 damage)
             ... on level 8 of the Dungeon.
             The game lasted 00:14:00 (9264 turns).

Borgoz the Cleaver (Hill Orc Abyssal Knight)        Turns: 9264, Time: 00:14:00

Health: -3/136     AC:  6    Str: 21    XL:     10   Next: 19%
Magic:  12/12      EV: 14    Int: 12    God:    Lugonu [****..]
Gold:   99         SH:  0    Dex: 13    Spells: 9/9 levels left

rFire    . . .     SeeInvis .   a - +2 hand axe
rCold    + . .     Gourm    .   (no shield)
rNeg     . . .     Faith    .   b - +0 leather armour
rPois    .         Spirit   .   (no helmet)
rElec    .         Reflect  .   (no cloak)
rCorr    .         Harm     .   p - +2 pair of gloves
MR       .....                  (no boots)
Stlth    ..........             (no amulet)
HPRegen  0.32/turn              u - ring of protection from cold
MPRegen  0.13/turn              (no ring)

@: berserking (expiring), lethally poisoned (-3 -> -4), very quick
A: no striking features
a: Depart the Abyss, Bend Space, Banish, Corrupt, Renounce Religion, Convert to
Beogh


You were on level 8 of the Dungeon.
You worshipped Lugonu.
Lugonu was greatly pleased with you.
You were not hungry.

You visited 1 branch of the dungeon, and saw 8 of its levels.
You visited the Abyss 1 time.

You collected 286 gold pieces.
You spent 187 gold pieces at shops.

Inventory:

Hand Weapons
 a - a +2 hand axe (weapon)
Missiles
 o - 3 throwing nets (quivered)
Armour
 b - a +0 leather armour (worn)
 h - a scarf of resistance
 p - a +2 pair of gloves (worn)
Jewellery
 u - a ring of protection from cold (left hand)
Wands
 k - a wand of enslavement (2)
 w - a wand of flame (34)
Scrolls
 e - 2 scrolls of teleportation {unknown}
 f - a scroll of random uselessness {unknown}
 g - 2 scrolls of remove curse
 m - a scroll of noise {unknown}
 n - a scroll of enchant weapon
 s - 2 scrolls of blinking {unknown}
 t - a scroll of enchant armour {unknown}
 x - a scroll of identify
 y - a scroll of magic mapping {unknown}
 z - a scroll of summoning {unknown}
 B - a scroll of holy word {unknown}
Potions
 i - a potion of haste {unknown}
 j - 4 potions of magic
 l - 3 potions of agility
 q - 2 potions of mutation
 v - 3 potions of might
Comestibles
 c - 8 rations
 d - 3 chunks of flesh


   Skills:
 + Level 9.4 Fighting
 + Level 12.8 Axes
 + Level 5.2 Armour
 + Level 4.9 Dodging
 + Level 2.7 Invocations


You had 9 spell levels left.
You didn't know any spells.
Your spell library was empty.

Dungeon Overview and Level Annotations

Branches:
Dungeon (8/15)             Temple (0/1) D:6
   Lair: D:8-11

Altars:
Okawaru

Shops:
D:7 !(

Annotations:
D:8 1 runed door, Phong's ghost, novice KoFE


Message History

You miss the orc warrior. You miss the orc warrior.
The orc warrior is almost dead.
You hit the worker ant but do no damage.
The orc warrior misses you. The worker ant bites you.
* * * LOW HITPOINT WARNING * * *
You are poisoned.
The worker ant poisons you!
You closely miss the worker ant.
The worker ant is lightly wounded.
You hit the orc warrior.
You kill the orc warrior!
Lugonu accepts your kill.
You feel sick.
You feel a strong urge to attack something.
You feel less confused.
The worker ant bites you but does no damage.
The orc priest invokes the aid of Beogh against you.
Beogh smites you!
You die...

#.#.......(.'..........
..#.#####...####......
#.# #......)#.......#
..# #.###...#.......#
#.# #...#.......## #.#
#...#..........# #.#
#.###........# #.# #.
##...##'### #.# #
#.......@.# #.#
#.######.a# ..
..........)o......
#.#.######..###..#. ..
...# .. ###.# #.. ###
.###########


You could see a worker ant and an orc priest.

Vanquished Creatures
  A hornet (D:7)
  Prince Ribbit (D:7)
  Sigmund (D:3)
  Eustachio (D:6)
  2 water moccasins
  3 ice beasts
  4 orc warriors
  A sky beast (D:6)
  A phantom (D:8)
  5 ogres
  3 centaurs
  A big kobold (D:8)
  3 bullfrogs
  A gnoll sergeant (D:5)
  2 scorpions
  3 howler monkeys (D:8)
  3 crimson imps
  A quasit (D:6)
  3 orc priests
  3 hounds
  3 jellies
  7 orc wizards
  2 hound skeletons
  9 gnolls (D:5)
  10 adders
  2 oozes
  An adder skeleton (D:4)
  3 dart slugs (D:2)
  7 leopard geckos
  17 orcs
  5 ball pythons
  8 bats
  4 giant cockroaches
  10 goblins
  2 hobgoblins
  11 jackals
  2 quokkas
  6 frilled lizards
  12 kobolds
  A leopard gecko skeleton (D:5)
  A quokka skeleton (D:4)
  10 rats
176 creatures vanquished.

Vanquished Creatures (others)
  A sky beast (D:8)
  4 fungi (D:8)
  A plant (D:8)
6 creatures vanquished.

Grand Total: 182 creatures vanquished

Notes
Turn   | Place    | Note
-------+----------+-------------------------------------------
     0 | Abyss:1  | Borgoz the Hill Orc Abyssal Knight began the quest for the
                  | Orb.
     0 | Abyss:1  | Reached XP level 1. HP: 19/19 MP: 2/2
     1 | Abyss:1  | Found a corrupted altar of Lugonu.
    33 | Abyss:1  | Found a corrupted altar of Lugonu.
   102 | Abyss:1  | Noticed a tormentor
   106 | D:1      | Escaped the Abyss
   165 | D:1      | Reached * piety under Lugonu
   181 | D:1      | Reached XP level 2. HP: 21/27 MP: 3/3
   524 | D:1      | Reached XP level 3. HP: 34/34 MP: 5/5
   846 | D:1      | Reached skill level 3 in Axes
  1281 | D:2      | Reached skill level 1 in Dodging
  1289 | D:2      | Reached XP level 4. HP: 34/41 MP: 6/6
  1374 | D:2      | Reached ** piety under Lugonu
  1429 | D:2      | Reached skill level 5 in Fighting
  1908 | D:3      | Reached skill level 4 in Axes
  2088 | D:3      | Noticed Sigmund
  2118 | D:3      | Killed Sigmund
  2118 | D:3      | Reached skill level 5 in Axes
  2118 | D:3      | Reached XP level 5. HP: 42/48 MP: 7/7
  2118 | D:3      | Reached XP level 6. HP: 49/56 MP: 8/8
  3004 | D:3      | HP: 2/56 [ogre/+0 giant club (18)]
  3012 | D:3      | Reached skill level 6 in Axes
  3460 | D:4      | Reached XP level 7. HP: 40/62 MP: 9/9
  3657 | D:5      | Entered Level 5 of the Dungeon
  3750 | D:5      | Reached *** piety under Lugonu
  3824 | D:5      | Reached skill level 7 in Axes
  4677 | D:5      | Reached skill level 8 in Axes
  4973 | D:4      | Reached XP level 8. HP: 27/71 MP: 10/10
  5789 | D:6      | Reached skill level 9 in Axes
  6284 | D:6      | Reached skill level 10 in Axes
  6416 | D:6      | Reached XP level 9. HP: 76/79 MP: 11/11
  6490 | D:6      | Noticed Eustachio
  6529 | D:6      | Killed Eustachio
  6529 | D:6      | Reached **** piety under Lugonu
  6811 | D:6      | Found a staircase to the Ecumenical Temple.
  7046 | D:7      | Noticed Prince Ribbit
  7058 | D:7      | Killed Prince Ribbit
  7058 | D:7      | Reached skill level 11 in Axes
  7084 | D:7      | Found an iron altar of Okawaru.
  7742 | D:7      | Found Xallyich's Antique Weapon Boutique.
  7917 | D:7      | Noticed a hornet
  7951 | D:7      | Killed a hornet
  7957 | D:7      | Reached skill level 12 in Axes
  8127 | D:7      | Found Lishopigu's Distillery.
  8130 | D:7      | Bought 2 potions of agility for 88 gold pieces
  8130 | D:7      | Bought a potion of berserk rage for 55 gold pieces
  8130 | D:7      | Bought a potion of might for 44 gold pieces
  8557 | D:8      | Found a runed door.
  8579 | D:8      | Reached skill level 5 in Armour
  8659 | D:8      | Noticed Phong's ghost (novice KoFE)
  8675 | D:8      | Reached XP level 10. HP: 86/90 MP: 12/12
  9261 | D:8      | HP: 6/136 [worker ant (1)]
  9264 | D:8      | Killed from afar by an orc priest

Vault maps used:
D:1:      tarquinn_simple_flora_water_d, grunt_decor_clamped
D:2:      minmay_tree_intersection, st_stairs_1
D:3:      first_ration, uniq_sigmund
D:6:      temple_statues, uniq_eustachio
D:7:      okawaru_metal_pillars_3, serial_shops, shop, kennysheep_mini_moat,
          uniq_prince_ribbit1
D:8:      ebering_ghost_funeral_grove

Skill      XL: |  1  2  3  4  5  6  7  8  9 10 |
---------------+-------------------------------+-----
Fighting       | 4 5 6 7 8 9 |  9.4
Axes           | 3 5 6 8 10 12 | 12.8
Dodging        | 1 2 3 4 |  4.9
Armour         | 3 4 5 |  5.2
Invocations    | |  2.7

Action                   |  1- 3 |  4- 6 |  7- 9 | 10-12 || total
-------------------------+-------+-------+-------+-------++-------
Melee: Hand axe          |   103 |   201 |   447 |    91 ||   842
Invok: Depart the Abyss  |     1 |       |       |       ||     1
  Use: Scroll            |     1 |     6 |     1 |       ||     8
       Potion            |       |     1 |     7 |     3 ||    11
 Stab: Sleeping          |     1 |       |     1 |       ||     2
  Eat: Chunk             |     1 |     7 |    14 |     2 ||    24
       Ration            |       |       |     1 |       ||     1
Armor: Leather armour    |    22 |    64 |   133 |    15 ||   234
       Skin              |       |     1 |    49 |     8 ||    58
Dodge: Dodged            |    71 |   118 |   290 |    40 ||   519

Table legend:
 A = Non-vault XP
 B = Vault XP
 C = Vault XP percentage of total XP
 D = Non-vault monster count
 E = Vault monster count
 F = Vault count percentage of total count
                 A         B        C        D         E       F
            +---------+---------+-------+---------+---------+-------
      Total |    4860 |     690 |  12.4 |     172 |       5 |   2.8
            +---------+---------+-------+---------+---------+-------
        D:1 |      48 |       0 |   0.0 |      27 |       0 |   0.0
        D:2 |      86 |       3 |   3.4 |      26 |       2 |   7.1
        D:3 |     229 |     220 |  49.0 |      26 |       1 |   3.7
        D:4 |     207 |       0 |   0.0 |      11 |       0 |   0.0
        D:5 |     682 |       0 |   0.0 |      26 |       0 |   0.0
        D:6 |    1156 |     203 |  14.9 |      21 |       1 |   4.5
        D:7 |    1033 |     264 |  20.4 |      12 |       1 |   7.7
        D:8 |    1419 |       0 |   0.0 |      23 |       0 |   0.0
            +---------+---------+-------+---------+---------+-------
